 Dungeon Crawl Stone Soup version 0.31-a0-188-g5e087ee2ca (webtiles) character file.

Game seed: 18444399850689466185

175 qw the Skirmisher (level 5, 0/29 HPs)
             Began as a Deep Elf Hunter on June 22, 2023.
             Succumbed to a kobold brigand's curare-tipped dart
             ... on level 4 of the Dungeon.
             The game lasted 00:01:05 (2848 turns).

qw the Skirmisher (Deep Elf Hunter)                 Turns: 2848, Time: 00:01:06

Health: 0/29       AC:  8    Str: 10    XL:     5   Next: 29%
Magic:  7/7        EV:  9    Int: 14    God:
Gold:   878        SH:  5    Dex: 18    Spells: 4/4 levels left

rFire   . . .        Y - +3 shortbow
rCold   . . .        (shield currently unavailable)
rNeg    . . .        g - +0 scale mail
rPois   .            c - +0 helmet
rElec   .            (no cloak)
rCorr   .            (no gloves)
SInv    .            l - +0 pair of boots
Will    .....        h - amulet of reflection
Stlth   +            (no ring)
HPRegen 0.24/turn    (no ring)
MPRegen 0.10/turn

%: reflection
@: lethally poisoned (0 -> -20), about to teleport, slowed, very slow
A: no striking features
a: no special abilities


You were on level 4 of the Dungeon.
You visited 1 branch of the dungeon, and saw 4 of its levels.

You collected 878 gold pieces.


   Skills:
 - Level 1.5 Fighting
 + Level 8.5 Ranged Weapons
 - Level 1.0 Armour
 - Level 2.4 Dodging
 - Level 1.2 Stealth


You had 4 spell levels left.
You didn't know any spells.
Your spell library was empty.

Inventory:

Hand Weapons
 Y - a +3 shortbow (weapon)
Armour
 c - a +0 helmet (worn)
 g - a +0 scale mail (worn)
 l - a +0 pair of boots (worn)
Jewellery
 h - an amulet of reflection (around neck)
Scrolls
 a - 2 scrolls of identify
 j - 4 scrolls of teleportation
Potions
 b - a potion of brilliance {unknown}
 d - 2 potions of curing
 e - a potion of enlightenment {unknown}
 f - a potion of magic {unknown}
 i - a potion of lignification {unknown}
 k - a potion of haste {unknown}
 m - a potion of ambrosia {unknown}

Dungeon Overview and Level Annotations

Branches:
Dungeon (4/15)
 Temple: D:4-7

Altars:


Message History

You shoot an arrow. The arrow hits the adder!
The adder is almost dead.
You shoot an arrow. The arrow hits the adder!
You kill the adder!
Found a stone staircase leading down.
An adder comes into view.
Found 5 gold pieces and a scroll of identify.
Found an escape hatch in the ceiling.
The adder hisses angrily.
You shoot an arrow. The arrow closely misses the adder.
You shoot an arrow. The arrow hits the adder!
The adder is severely wounded.
You block the adder's attack. The adder bites you but does no damage.
You shoot an arrow. The arrow barely misses the adder.
You block the adder's attack.
You shoot an arrow. The arrow hits the adder!
You kill the adder!
You see here an adder corpse.
Found a stone staircase leading down.
a - 2 scrolls of identify (gained 1)
A kobold brigand comes into view.
It is wielding a +0 short sword and quivering curare-tipped darts.
The kobold brigand shouts!
You shoot an arrow.
The arrow barely misses the kobold brigand.
The kobold brigand throws a curare-tipped dart.
The curare-tipped dart hits you.
You are poisoned.
You have difficulty breathing.
You feel yourself slow down.
You shoot an arrow.
The arrow closely misses the kobold brigand.
You feel very sick.
The kobold brigand throws a curare-tipped dart.
The curare-tipped dart hits you.
You are lethally poisoned!
You have difficulty breathing.
You feel as though you will be slow longer.
2848 ||| READING 5 scrolls of teleportation.
As you read the scroll of teleportation, it crumbles to dust.
You feel strangely unstable.
You die...

#. .# #. .# #.
.# . <## ##.#
##.. #. ... ...#
####.... #.###.#
#>. #.....
#....# #.#
..>...
#.##.@###.# #.##
#.K...#...##
...##
#..###...%##
....###.##
#.##.# #.......#
#. #.# ....#####
#.##.## ...##
##.#...#####.#
####
#.......>....#
.....#...#######


You could see a kobold brigand.

Vanquished Creatures
  10 adders
  A worm (D:2)
  A dart slug (D:1)
  An orc (D:3)
  8 ball pythons
  10 endoplasms
  A giant cockroach (D:2)
  9 goblins
  6 hobgoblins
  2 jackals (D:2)
  3 quokkas
  8 bats
  4 frilled lizards
  9 kobolds
  5 rats
78 creatures vanquished.

Notes
Turn   | Place    | Note
-------+----------+-------------------------------------------
     0 | D:1      | qw the Deep Elf Hunter began the quest for the Orb.
     0 | D:1      | Reached XP level 1. HP: 12/12 MP: 3/3
     0 | D:1      | 0 ||| qw: Version: 0.3-a-9-g12657ce
     0 | D:1      | 0 ||| qw: Game counter: 2897
     0 | D:1      | 0 ||| qw: Always use a shield: true
     0 | D:1      | 0 ||| qw: God list: Okawaru
     0 | D:1      | 0 ||| qw: Allow faded altars: false
     0 | D:1      | 0 ||| qw: Do Orc after D:15 true
     0 | D:1      | 0 ||| qw: Do second Lair branch before Depths: true
     0 | D:1      | 0 ||| qw: Lair rune preference: random
     0 | D:1      | 0 ||| qw: Plans: Normal
     0 | D:1      | 0 ||| PLANNING D:1-11
   125 | D:1      | Reached XP level 2. HP: 16/16 MP: 4/4
   162 | D:1      | Reached skill level 6 in Ranged Weapons
   522 | D:1      | HP: 4/16 [kobold/+0 club (3)]
   528 | D:1      | HP: 4/16 [constriction (1)]
   531 | D:1      | Reached XP level 3. HP: 3/20 MP: 5/5
   922 | D:1      | 922 ||| UPGRADING to +0 scale mail.
   932 | D:1      | 932 ||| DROPPING +0 leather armour.
   933 | D:1      | 933 ||| UPGRADING to +0 pair of boots.
   938 | D:1      | 938 ||| UPGRADING to amulet of reflection.
   943 | D:1      | 943 ||| READING 2 scrolls labelled JUORPH DOSIMI.
   944 | D:1      | 944 ||| READING scroll labelled VEAP HAIS BUIT.
   949 | D:1      | 949 ||| READING 2 scrolls labelled UNTIACS COEM.
   950 | D:1      | 950 ||| DROPPING scroll of fog.
   951 | D:1      | 951 ||| DROPPING scroll of butterflies.
   952 | D:1      | 952 ||| DROPPING scroll of vulnerability.
  1098 | D:2      | Reached skill level 7 in Ranged Weapons
  1403 | D:2      | Reached XP level 4. HP: 25/25 MP: 6/6
  1737 | D:2      | 1737 ||| UPGRADING to +0 helmet.
  1742 | D:2      | 1742 ||| READING scroll labelled GAZUUFATIFU.
  1743 | D:2      | 1743 ||| READING scroll labelled SUITUA FECYRHE.
  1743 | D:2      | Identified a scroll of acquirement
  1743 | D:2      | 1743 ||| ACQUIRING 769 gold pieces
  1743 | D:2      | Acquired 769 gold pieces
  1745 | D:2      | 1745 ||| READING scroll labelled TICALE INKUWIA.
  1746 | D:2      | 1746 ||| DRINKING 2 blue potions.
  1927 | D:3      | Reached skill level 8 in Ranged Weapons
  2000 | D:3      | Reached skill level 1 in Armour
  2028 | D:3      | Found a faded altar of an unknown god.
  2493 | D:3      | Reached XP level 5. HP: 29/29 MP: 7/7
  2573 | D:3      | 2573 ||| READING scroll of enchant weapon.
  2573 | D:3      | 2573 ||| ENCHANTING +1 shortbow.
  2732 | D:3      | 2732 ||| READING 2 scrolls labelled NIRATY HYQAKK.
  2733 | D:3      | 2733 ||| DROPPING scroll of noise.
  2783 | D:4      | 2783 ||| READING scroll of enchant weapon.
  2783 | D:4      | 2783 ||| ENCHANTING +2 shortbow.
  2847 | D:4      | HP: 5/29 [asphyx]
  2848 | D:4      | 2848 ||| READING 5 scrolls of teleportation.
  2848 | D:4      | Succumbed to a kobold brigand's curare-tipped dart

Levels and vault maps discovered:
D:1:      sevenhm_arrival_forest_fort_small_4, layout_loops_corners
D:2:      layout_basic, hangedman_feature_mirror
D:3:      layout_basic, shapermc_ecumenical_altar_pompeii, serial_park_tiny_pond
D:4:      layout_loops_ring, jmf_multi_god_temple

Skill      XL: |  1  2  3  4 |
---------------+-------------+-----
Ranged Weapons | 6 7 8 |  8.5
Armour         | 1 |  1.0
Fighting       | |  1.5
Dodging        | |  2.4
Stealth        | |  1.2

Action                     |  1- 3 |  4- 6 || total
---------------------------+-------+-------++-------
   Fire: Shortbow          |   142 |   114 ||   256
    Use: Scroll            |     3 |     7 ||    10
         Potion            |       |     1 ||     1
 Armour: Leather armour    |     6 |       ||     6
         Scale mail        |    22 |    38 ||    60
  Dodge: Dodged            |    56 |    35 ||    91
  Block: Other             |    11 |    19 ||    30

Table legend:
 A = Non-vault XP
 B = Vault XP
 C = Vault XP percentage of total XP
 D = Non-vault monster count
 E = Vault monster count
 F = Vault count percentage of total count
                 A         B        C        D         E       F
            +---------+---------+-------+---------+---------+-------
      Total |     247 |       3 |   1.2 |      76 |       2 |   2.6
            +---------+---------+-------+---------+---------+-------
        D:1 |      47 |       0 |   0.0 |      27 |       0 |   0.0
        D:2 |      63 |       3 |   4.5 |      23 |       2 |   8.0
        D:3 |      96 |       0 |   0.0 |      22 |       0 |   0.0
        D:4 |      41 |       0 |   0.0 |       4 |       0 |   0.0
            +---------+---------+-------+---------+---------+-------
